 Dungeon Crawl Stone Soup version 0.30-b1-2-g02819fbbbe (webtiles) character file.

Game seed: 3141141740712543021

147 ChickenMitten the Shield-Bearer (level 5, -1/42 HPs)
             Began as a Formicid Fighter on Dec 23, 2023.
             Succumbed to a kobold's poison
             ... on level 3 of the Dungeon.
             The game lasted 00:04:15 (2514 turns).

ChickenMitten the Shield-Bearer (Formicid Fighter)  Turns: 2514, Time: 00:04:16

Health: -1/42      AC: 10    Str: 21 (22) XL:     5   Next: 55%
Magic:  5/5        EV:  8    Int:  4 (6)  God:
Gold:   139        SH:  5    Dex: 11 (13) Spells: 4/4 levels left

rFire   . . .        a - +0 war axe
rCold   . . .        c - +0 buckler
rNeg    . . .        r - +0 chain mail
rPois   .            (helmet unavailable)
rElec   .            q - +0 cloak
rCorr   .            (no gloves)
SInv    +            (no boots)
Will    .....        (no amulet) Stlth
                     (no ring)
HPRegen 0.27/turn    (no ring)
MPRegen 0.09/turn

%: no passive effects
@: lethally poisoned (-1 -> -22)
A: permanent stasis, dig shafts and tunnels, antennae 3, four strong arms, dopey
1
a: Dig, Shaft Self


You were on level 3 of the Dungeon.
You visited 1 branch of the dungeon, and saw 3 of its levels.

You collected 139 gold pieces.

Inventory:

Hand Weapons
 a - a +0 war axe (weapon)
Armour
 b - a +0 scale mail
 c - a +0 buckler (worn)
 q - a +0 cloak (worn)
 r - a +0 chain mail (worn)
Jewellery
 k - a +6 ring of intelligence
 t - an amulet of the acrobat
Wands
 s - a wand of iceblast (8)
Scrolls
 e - 3 scrolls of amnesia {unknown}
 g - a scroll of blinking {unknown}
 i - 3 scrolls of noise {unknown}
 j - a scroll of poison {unknown}
 l - a scroll of enchant weapon {unknown}
 m - 5 scrolls of identify {unknown}
 n - a scroll of acquirement {unknown}
 o - a scroll of vulnerability {unknown}
Potions
 d - a potion of might
 f - a potion of degeneration
 h - a potion of mutation
 p - a potion of brilliance {unknown}
 u - 2 potions of heal wounds {unknown}
 v - a potion of attraction {unknown}


   Skills:
 * Level 3.9 Fighting
 * Level 3.8 Axes
 * Level 4.1 Armour
 * Level 4.7 Shields


You had 4 spell levels left.
You didn't know any spells.
Your spell library was empty.

Dungeon Overview and Level Annotations

Branches:
Dungeon (3/15)

Altars:
Hepliaklqana


Innate Abilities, Weirdness & Mutations

You cannot be hasted, slowed, berserked, paralysed or teleported.
You can dig through walls and to a lower floor.
You have a pair of large antennae on your head. (SInv)
Your four strong arms can wield two-handed weapons with a shield.
You are dopey. (Int -2)


Message History

You closely miss the kobold. The kobold barely misses you.
You hit the kobold.
You kill the kobold!
You closely miss the kobold. The kobold closely misses you.
You block the kobold's attack. x2
You barely miss the kobold. You slash the kobold!
You kill the kobold!
You slash the kobold!
You kill the kobold!
You block the kobold's attack.
You miss the kobold. The kobold hits you but does no damage.
You are poisoned.
You barely miss the kobold.
You feel very sick.
The kobold hits you with a +2 dagger of venom.
You are more poisoned.
You block the kobold's attack.
You are too injured to fight recklessly!
You are too injured to fight recklessly!
You are too injured to fight recklessly!
You hit the kobold.
The kobold is severely wounded.
You feel very sick. The kobold hits you but does no damage.
You are lethally poisoned!
You closely miss the kobold.
The kobold is severely wounded.
* * * LOW HITPOINT WARNING * * *
You feel extremely sick. The kobold hits you but does no damage.
You are more poisoned.
It was a potion of degeneration.
There was something very wrong with that liquid.
You feel weakened.
You feel dopey.
You feel clumsy.
* * * LOW HITPOINT WARNING * * *
You feel very sick. The kobold barely misses you.
It was a potion of mutation.
You feel extremely strange.
You feel stupid.
You die... #.#. #..##.... {{ #. #..'.K..{ #.###..'...K. {{{{

#.....'..K.K { #.K# { {
{ { #..# #..# { {
#..####
###..K@.###############
#....))................
#...####.###########.##
#...# #..# ####.#
#########.## ####....#
.........###....#####
.........†...#######.
........>.........†'.
........######.#.....


You could see a kobold.

Vanquished Creatures
  2 orc wizards (D:3)
  An adder (D:2)
  2 worms (D:2)
  A dart slug (D:3)
  4 orcs (D:3)
  6 endoplasms
  2 giant cockroaches
  8 goblins
  7 hobgoblins
  4 jackals
  12 kobolds
  3 quokkas
  8 ball pythons
  2 bats (D:2)
  2 frilled lizards (D:3)
  3 rats
67 creatures vanquished.

Vanquished Creatures (others)
  5 fungi (D:3)
  3 plants (D:3)
  10 toadstools (D:3)
18 creatures vanquished.

Grand Total: 85 creatures vanquished

Notes
Turn   | Place    | Note
-------+----------+-------------------------------------------
     0 | D:1      | ChickenMitten the Formicid Fighter began the quest for the
                  | Orb.
     0 | D:1      | Reached XP level 1. HP: 18/18 MP: 1/1
   101 | D:1      | Reached XP level 2. HP: 23/24 MP: 2/2
   363 | D:1      | Reached XP level 3. HP: 29/29 MP: 3/3
   736 | D:2      | Found a hazy altar of Hepliaklqana.
   918 | D:2      | Reached XP level 4. HP: 37/37 MP: 4/4
  2173 | D:3      | Reached XP level 5. HP: 36/42 MP: 5/5
  2300 | D:3      | Found a faded altar of an unknown god.
  2514 | D:3      | Gained mutation: You are dopey. (Int -2) [potion of
                  | mutation]
  2514 | D:3      | Succumbed to a kobold's poison

Illustrated notes

Levels and vault maps discovered:
D:1:      dpeg_arrival_renting, layout_rooms
D:2:      layout_loops_ring, serial_co_window_serial,
          co_window_of_opportunity_a, co_window_paths_a, co_window_paths_a,
          co_window_of_opportunity_a, co_window_paths_b, co_window_corner_a,
          co_window_corner_a, co_window_unsneaky_path_c, co_window_corner_b,
          co_window_unsneaky_path_e, co_window_4corner_a, co_window_4corner_b,
          glass_columns_c, glass_columns_c, glass_columns_b, basic_altar
D:3:      cheibrodos_fertilizer, layout_basic,
          shapermc_ecumenical_altar_mp_urbaneastern

Skill      XL: |  1  2  3  4 |
---------------+-------------+-----
Axes           | 3 |  3.8
Armour         | 4 |  4.1
Fighting       | |  3.9
Shields        | |  4.7

Action                     |  1- 3 |  4- 6 || total
---------------------------+-------+-------++-------
  Melee: War axe           |    56 |    99 ||   155
    Use: Potion            |       |     2 ||     2
 Armour: Scale mail        |    23 |     9 ||    32
         Chain mail        |       |    29 ||    29
  Dodge: Dodged            |    25 |    44 ||    69
  Block: Buckler           |    10 |    28 ||    38
